 Dungeon Crawl Stone Soup version 0.29-a0-362-g5854e031c7 (webtiles) character file.

Game seed: 12392592680567681163

389 spaghetti the Covert (level 6, -8/42 HPs)
             Began as an Octopode Delver on Apr 29, 2022.
             Was an Initiate of Ru.
             Mangled by Sigmund
             ... wielding a +0 scythe
              (11 damage)
             ... on level 5 of the Dungeon.
             The game lasted 00:02:13 (635 turns).

spaghetti the Covert (Octopode Delver)               Turns: 635, Time: 00:02:13

Health: -8/42      AC:  1    Str: 12    XL:     6   Next: 79%
Magic:  6/6        EV: 13    Int: 12    God:    Ru [......]
Gold:   0          SH:  0    Dex: 15    Spells: 5/5 levels left

rFire   . . .      SeeInvis .   h - +2 mace (protect) {mace}
rCold   . . .      Faith    .   (no shield)
rNeg    . . .      Spirit   .   (helmet restricted)
rPois   .          Reflect  .   (no amulet)
rElec   .          Harm     .   (no ring)
rCorr   .          Rampage  .   (no ring)
Will    .....                   (no ring)
Stlth   +++.......              (no ring)
HPRegen 0.14/turn               (no ring)
MPRegen 0.10/turn               (no ring)
                                (no ring)
                                (no ring)

@: confused, weak-willed, hasted, very quick
A: almost no armour, amphibious, 8 rings, camouflage 1, gelatinous body 1,
(nimble swimmer 1), tentacles
a: Renounce Religion


You were on level 5 of the Dungeon.
You worshipped Ru.
Ru was noncommittal.
You visited 1 branch of the dungeon, and saw 1 of its levels.


Innate Abilities, Weirdness & Mutations

You cannot wear most types of armour.
You are amphibious.
You can wear up to eight rings at the same time.
Your skin changes colour to match your surroundings (Stealth+).
Your rubbery body absorbs attacks. (AC +1, EV +1)
((You are camouflaged when in or above water. (Stealth+)))
You have tentacles for arms and can constrict up to eight enemies at once.


   Skills:
 - Level 3.0 Fighting
 - Level 2.0 Short Blades
 - Level 2.0 Dodging
 + Level 11.6 Stealth


You had 5 spell levels left.
You didn't know any spells.
Your spell library was empty.

Inventory:

Hand Weapons
 a - a +0 short sword {short}
 h - a +2 mace of protection (weapon) {mace}
   (You found it on level 5 of the Dungeon)
Missiles
 g - 15 stones (quivered) {throwing}
Wands
 f - a wand of digging (3)
Scrolls
 b - a scroll of fog
 c - 2 scrolls of magic mapping {!r}
 d - a scroll of fear

Dungeon Overview and Level Annotations

Branches:
Dungeon (5/15)
 Temple: D:4-7

Altars:
Ru

Shops:
D:5 *

Annotations:
D:5 Sigmund

#......โ€ ........# #
#...............# #
#...........##### # .
#...........#
....#.#....######
........##'###########
#########............#
#.......รทโˆฉ......#
#@#.............#
#{#.............#
#######.#.............#
#.......#.............#
#.########............#
........#
#...)........#
..####.(.
#............# #(###
#............# #.
#.............


There were no monsters in sight!


Message History

๐Ÿ˜จ HP[-8]
You take 8 damage, and now have 16/42 hp.
You miss the hound. You grab the hound. You constrict the hound.
The hound pauses to sniff the ground.
The hound closely misses you. The hound misses you.
Unknown command.
You hit the hound.
Your weapon exudes an aura of protection.
You squeeze the hound!
You kill the hound!
The hound bites you but does no damage.
You hit the hound. You grab the hound. You constrict the hound.
The hound misses you. The hound completely misses you.
You sock the hound!
You kill the hound!
You start resting.
Sigmund the Dreaded comes into view.
He is wielding a +0 scythe. ๐Ÿ˜• HP[+20]
You regained 20 hp, and now have 36/42 hp.
Okay, then.
It was a potion of cancellation.
You feel magically purged.
As you read the scroll labelled JARCHI QAGG, it crumbles to dust.
Sigmund shouts!
Magic quickly surges around you.
It was a scroll of vulnerability.
As you read the scroll of fear, it crumbles to dust.
You assume a fearsome visage.
Sigmund looks frightened!
Sigmund casts a spell.
Sigmund flickers and vanishes!
Deactivating autopickup; reactivate with Ctrl-A.
You are confused. ๐Ÿ˜• HP[+1]
You feel yourself speed up.
Unknown command.
Unknown command.
You're too confused to move!
Unknown command.
Unknown command.
Unknown command.
Unknown command.
You bump into the rock wall.
Something hits you! ๐Ÿ˜ฎ HP[-7]
You take 7 damage, and now have 30/42 hp.
Unknown command.
You feel less confused. Something hits you!
* * * LOW HITPOINT WARNING * * *
๐Ÿ˜จ HP[-11]
You take 11 damage, and now have 19/42 hp.
MASSIVE DAMAGE!! (PAUSE)
You hear some strange, mumbled words.
Something tries to affect you, but you resist.
You thump something!
Your weapon exudes an aura of protection.
You hear some strange, mumbled words.
You are confused. ๐Ÿ˜จ HP[+1] Unknown command.
Unknown command.
You aren't carrying any potions.
You are too confused!
You bump into the rock wall.
You hear some strange, mumbled words.
You are more confused.
Unknown command.
Unknown command.
You bump into the rock wall.
Something hits you.
* * * LOW HITPOINT WARNING * * *
๐Ÿ˜จ HP[-2]
You take 2 damage, and now have 18/42 hp.
Unknown command.
Unknown command.
You bump into the rock wall.
You hear some strange, mumbled words.
Something tries to affect you, but you resist.
Unknown command.
Unknown command.
You sock something! Something hits you.
* * * LOW HITPOINT WARNING * * *
๐Ÿ˜จ HP[-5]
You take 5 damage, and now have 13/42 hp.
You bump into the rock wall.
Unknown command.
Unknown command.
You barely miss something. Something hits you.
* * * LOW HITPOINT WARNING * * *
๐Ÿ˜ฑ HP[-3]
You take 3 damage, and now have 10/42 hp.
You bump into the rock wall.
Something hits you but does no damage.
Unknown command.
Unknown command.
You closely miss something. Your squeeze misses something. Something hits you!
* * * LOW HITPOINT WARNING * * *
๐Ÿ˜ฑ HP[-8]
You take 8 damage, and now have 2/42 hp.
Unknown command.
Unknown command.
You aren't carrying any potions.
You are too confused!
You bump into the rock wall.
Something hits you!
You die...

Skill      XL: |  1  2  3  4  5  6 |
---------------+-------------------+-----
Stealth        | 7 8 9 10 11 | 11.6
Fighting       | |  3.0
Short Blades   | |  2.0
Dodging        | |  2.0

Action                   |  1- 3 |  4- 6 || total
-------------------------+-------+-------++-------
Melee: Short sword       |     3 |    10 ||    13
       Mace              |       |    27 ||    27
       Constrict         |       |    12 ||    12
       Tentacles         |       |     8 ||     8
       Punch             |       |     1 ||     1
Throw: Stone             |       |     9 ||     9
  Use: Scroll            |       |     2 ||     2
       Potion            |       |     2 ||     2
 Stab: Sleeping          |     3 |     4 ||     7
Armor: Skin              |       |     7 ||     7
Dodge: Dodged            |       |    24 ||    24

Levels and vault maps discovered:
D:5:      layout_basic, nicolae_ru_path_of_blood, minmay_shop_mass, uniq_sigmund

Notes
Turn   | Place    | Note
-------+----------+-------------------------------------------
     0 | D:5      | spaghetti the Octopode Delver began the quest for the Orb.
     0 | D:5      | Reached XP level 1. HP: 16/16 MP: 1/1
     0 | D:5      | magus.rc [v1.9.6]
    10 | D:5      | Noticed an orc wizard
    10 | D:5      | Noticed an orc wizard
    15 | D:5      | Killed an orc wizard
    16 | D:5      | Reached skill level 7 in Stealth
    16 | D:5      | Reached XP level 2. HP: 21/21 MP: 2/2
    18 | D:5      | Reached skill level 8 in Stealth
    18 | D:5      | Reached XP level 3. HP: 26/26 MP: 3/3
    20 | D:5      | Reached XP level 4. HP: 31/31 MP: 4/4
    58 | D:5      | Noticed a centaur
    61 | D:5      | Killed a centaur
    62 | D:5      | Reached skill level 9 in Stealth
    62 | D:5      | Reached XP level 5. HP: 36/36 MP: 5/5
   152 | D:5      | Found a sacrificial altar of Ru.
   160 | D:5      | Became a worshipper of Ru the Awakened
   196 | D:5      | Noticed an ogre
   203 | D:5      | Killed an ogre
   204 | D:5      | Reached skill level 10 in Stealth
   204 | D:5      | Reached XP level 6. HP: 42/42 MP: 6/6
   336 | D:5      | Found Lotiwk's Mass Market.
   343 | D:5      | Reached skill level 11 in Stealth
   609 | D:5      | Noticed Sigmund
   632 | D:5      | HP: 10/42 [something (3)]
   634 | D:5      | HP: 2/42 [something (8)]
   635 | D:5      | Mangled by Sigmund

Vanquished Creatures
  A centaur (D:5)
  An ogre (D:5)
  A howler monkey (D:5)
  2 hounds (D:5)
  An orc priest (D:5)
  An iguana (D:5)
  2 orc wizards (D:5)
  2 adders (D:5)
  A worm (D:5)
  2 dart slugs (D:5)
  An orc (D:5)
  A quokka (D:5)
16 creatures vanquished.

Table legend:
 A = Non-vault XP
 B = Vault XP
 C = Vault XP percentage of total XP
 D = Non-vault monster count
 E = Vault monster count
 F = Vault count percentage of total count
                 A         B        C        D         E       F
            +---------+---------+-------+---------+---------+-------
      Total |     557 |       0 |   0.0 |      16 |       0 |   0.0
            +---------+---------+-------+---------+---------+-------
        D:5 |     557 |       0 |   0.0 |      16 |       0 |   0.0
            +---------+---------+-------+---------+---------+-------

Illustrated notes

Table legend:
 A = Kills in this place as a percentage of kills in entire the game.
 B = Kills by you in this place as a percentage of kills by you in the entire game.
 C = Kills by friends in this place as a percentage of kills by friends in the entire game.
 D = Other kills in this place as a percentage of other kills in the entire game.
 E = Experience gained in this place as a percentage of experience gained in the entire game.
 F = Experience gained in this place divided by the number of levels of this place that you have seen.
                   A       B       C       D       E      F
               +-------+-------+-------+-------+-------+----------------------
         Total | 100.0 | 100.0 |   N/A |   N/A | 100.0 | 557.0
       Dungeon | 100.0 | 100.0 |   N/A |   N/A | 100.0 | 557.0
               +-------+-------+-------+-------+-------+----------------------

Table legend: (Time is in decaauts)
 A = Elapsed time spent in this place.
 B = Non-inter-level travel time spent in this place.
 C = Inter-level travel time spent in this place.
 D = Time resting spent in this place.
 E = Time spent auto-exploring this place.
 F = Levels seen in this place.
 G = Mean time per level.
                   A        B        C        D        E       F      G
               +--------+--------+--------+--------+--------+-----+--------+
         Total |    639 |    639 |      0 |    161 |    326 |   1 |  639.0 |
       Dungeon |    639 |    639 |      0 |    161 |    326 |   1 |  639.0 |
               +--------+--------+--------+--------+--------+-----+--------+

Top non-repeatable levels by time:
     D:5: 639 daAuts
